 Dungeon Crawl Stone Soup version 0.31-a0-175-g9f7f995f2b (webtiles) character file.

Game seed: 14467823785685996651

194 Moral the Sneak (level 5, 0/41 HPs)
             Began as a Vampire Gladiator on June 16, 2023.
             Slain by a ball python (2 damage)
             ... on level 4 of the Dungeon.
             The game lasted 00:07:04 (2224 turns).

Moral the Sneak (Vampire Gladiator)                 Turns: 2224, Time: 00:07:05

Health: 0/41       AC: -3    Str: 13    XL:     5   Next: 44%
Magic:  5/5        EV: 10    Int: 11    God:
Gold:   140        SH:  0    Dex: 17    Spells: 4/4 levels left

rFire   . . .        a - +0 long sword
rCold   . . .        (no shield)
rNeg    . . .        b - +0 leather armour
rPois   .            c - +0 helmet
rElec   .            (no cloak)
rCorr   .            (no gloves)
SInv    +            m - +0 pair of boots
Will    .....        (no amulet)
Stlth   +++          (no ring)
HPRegen 0.46/turn    (no ring)
MPRegen 0.09/turn

%: no passive effects
@: corroded, healing quickly, hasted, constricted, very quick
A: alive, fangs 3, see invisible, vampiric 2
a: Exsanguinate


You were on level 4 of the Dungeon.
You visited 1 branch of the dungeon, and saw 4 of its levels.

You collected 140 gold pieces.

Inventory:

Hand Weapons
 a - a +0 long sword (weapon)
Missiles
 d - 3 throwing nets (quivered)
 e - a javelin
Armour
 b - a +0 leather armour (worn)
 c - a +0 helmet (worn)
 m - a +0 pair of boots (worn)
Wands
 h - a wand of roots (5)
 r - a wand of digging (8)
Scrolls
 g - a scroll of revelation
 t - 2 scrolls of noise {unknown}
Potions
 f - a potion of berserk rage {unknown}
 i - a potion of attraction {unknown}
 j - 2 potions of magic {unknown}
 k - a potion of brilliance {unknown}
 l - a potion of enlightenment {unknown}
 n - a potion of invisibility {unknown}
 o - a potion of haste
 p - a potion of lignification {unknown}
 q - a potion of might {unknown}
 s - a potion of heal wounds {unknown}


   Skills:
 * Level 3.3 Fighting
 + Level 3.6 Long Blades
 - Level 1.5 Throwing
 + Level 4.0 Dodging
 * Level 4.7 Stealth


You had 4 spell levels left.
You didn't know any spells.
Your spell library contained the following spells:

 Spells                   Type           Power      Damage    Failure   Level
 Slow                     Hex            0%         N/A       41%         1
 Confusing Touch          Hex            0%         N/A       80%         3
 Vampiric Draining        Necr           0%         2d6       80%         3


Dungeon Overview and Level Annotations

Branches:
Dungeon (4/15)
 Temple: D:4-7

Altars:
Kikubaaqudgha
Nemelex Xobeh
Ru


Innate Abilities, Weirdness & Mutations

Your natural rate of healing is accelerated.
You have razor-sharp teeth.
You have supernaturally acute eyesight. (SInv)
You are afflicted with vampirism and can become a bat while bloodless.


Message History

The ball python barely misses you. The ball python constricts you.
The kobold hits you with a +0 dagger. The ball python bites you.
The ball python constricts you.
You miss the kobold.
The kobold is severely wounded.
The kobold closely misses you. The ball python closely misses you.
The ball python constricts you. The kobold closely misses you.
You closely miss the kobold.
The kobold is severely wounded.
The ball python completely misses you. The ball python constricts you.
The ball python bites you. The ball python constricts you.
The kobold closely misses you.
You hit the kobold.
You kill the kobold!
The ball python completely misses you. The ball python constricts you.
The ball python barely misses you. The ball python constricts you.
You barely miss the goblin. Your punch misses the goblin.
You bite the goblin, but do no damage. The goblin hits you with a +0 dagger.
The ball python barely misses you. The ball python constricts you.
You closely miss the goblin. The goblin misses you. The ball python bites you.
The ball python constricts you. The goblin hits you with a +0 dagger.
* * * LOW HITPOINT WARNING * * *
You hit the goblin but do no damage. The ball python bites you.
* * * LOW HITPOINT WARNING * * *
The ball python constricts you.
* * * LOW HITPOINT WARNING * * *
The ball python barely misses you. The ball python constricts you.
* * * LOW HITPOINT WARNING * * *
The goblin hits you with a +0 dagger.
* * * LOW HITPOINT WARNING * * *
It was a potion of haste.
You feel yourself speed up. The ball python bites you.
* * * LOW HITPOINT WARNING * * *
The ball python constricts you.
* * * LOW HITPOINT WARNING * * *
The goblin hits you with a +0 dagger.
* * * LOW HITPOINT WARNING * * *
The ball python's grasp on you weakens, but your attempt to escape fails.
The ball python bites you.
You die...

...#.......#..
...##......... ....##
...#................ .
##.#...####........# ..
.#.#...####..#.#...##...
.#.#..............<.....
.#.#....#..##..#.......#
.#.#....#..##..#gS.....#
<..#....#..##..#@..#
####....#..###.....###
........#..............
...##.#........#...####
... #.#.#......#.#..# ..
#...#......#.##..# .
########.#.#.# #.#
........#.#.# .#
##......#.#.# #


You could see a goblin and a ball python.

Vanquished Creatures
  A scorpion (D:3)
  A jelly (D:4)
  Ijyb (D:3)
  An iguana (D:4)
  An adder (D:4)
  A white imp (D:3)
  An orc (D:3)
  2 ball pythons (D:1)
  4 bats
  4 endoplasms
  2 giant cockroaches
  2 hobgoblins (D:3)
  7 jackals
  3 kobolds
  3 quokkas
  4 frilled lizards
  2 rats (D:1)
40 creatures vanquished.

Notes
Turn   | Place    | Note
-------+----------+-------------------------------------------
     0 | D:1      | Moral the Vampire Gladiator began the quest for the Orb.
     0 | D:1      | Reached XP level 1. HP: 16/16 MP: 1/1
   126 | D:1      | Reached skill level 1 in Stealth
   325 | D:1      | Reached XP level 2. HP: 22/22 MP: 2/2
  1135 | D:3      | Found a faded altar of an unknown god.
  1144 | D:3      | Gained mutation: You are afflicted with vampirism and can
                  | become a bat while bloodless. [Vampire growth]
  1144 | D:3      | Reached XP level 3. HP: 28/28 MP: 3/3
  1292 | D:3      | Found a sacrificial altar of Ru.
  1349 | D:3      | Found an ancient bone altar of Kikubaaqudgha.
  1363 | D:3      | Noticed Ijyb
  1525 | D:3      | Killed Ijyb
  1526 | D:3      | Reached XP level 4. HP: 19/34 MP: 4/4
  1751 | D:3      | Noticed a scorpion
  1764 | D:3      | Killed a scorpion
  1940 | D:3      | Found a sparkling altar of Nemelex Xobeh.
  2183 | D:4      | Reached XP level 5. HP: 37/41 MP: 5/5
  2223 | D:4      | HP: 2/41 [goblin/+0 dagger (1)]
  2224 | D:4      | Slain by a ball python

Illustrated notes

Levels and vault maps discovered:
D:1:      ldierk_walled_garden, layout_loops_ring
D:2:      layout_rooms
D:3:      layout_basic, old_standard_altar, mainiacjoe_overflow_catwalk,
          nicolae_ru_sacrificial_ziggurat, basic_ecumenical_altar, uniq_ijyb
D:4:      layout_basic, ebering_ghost_sewer_f, minmay_manual_monstrance

Skill      XL: |  1  2  3  4  5 |
---------------+----------------+-----
Stealth        | 1 2 3 4 |  4.7
Fighting       | 2 3 |  3.3
Dodging        | 4 |  4.0
Long Blades    | |  3.6
Throwing       | |  1.5

Action                     |  1- 3 |  4- 6 || total
---------------------------+-------+-------++-------
  Melee: Long sword        |    94 |    31 ||   125
         Bite              |    10 |     5 ||    15
         Punch             |       |     1 ||     1
    Use: Scroll            |     4 |     1 ||     5
         Potion            |     1 |     2 ||     3
   Stab: Sleeping          |     4 |     2 ||     6
 Armour: Leather armour    |    37 |     4 ||    41
  Dodge: Dodged            |    70 |    27 ||    97

Table legend: (Time is in decaauts)
 A = Elapsed time spent in this place.
 B = Non-inter-level travel time spent in this place.
 C = Inter-level travel time spent in this place.
 D = Time resting spent in this place.
 E = Time spent auto-exploring this place.
 F = Levels seen in this place.
 G = Mean time per level.
                   A        B        C        D        E       F      G
               +--------+--------+--------+--------+--------+-----+--------+
         Total |   2255 |   2213 |     42 |    509 |   1097 |   4 |  563.8 |
       Dungeon |   2255 |   2213 |     42 |    509 |   1097 |   4 |  563.8 |
               +--------+--------+--------+--------+--------+-----+--------+

Top non-repeatable levels by time:
     D:3: 1170 daAuts
     D:1: 633 daAuts
     D:2: 384 daAuts
     D:4: 67 daAuts
